 Dungeon Crawl Stone Soup version 0.26.1-11-gd32895ea62 (webtiles) character file.

Game seed: 8235345945786630000

41814 DildoBatman the Peltast (level 14, -6/147 HPs)
             Began as a Formicid Conjurer on July 21, 2021.
             Was an Initiate of Gozag.
             Killed by divine providence
             ... invoked by a sphinx
              (8 damage)
             ... on level 13 of the Dungeon on July 22, 2021.
             The game lasted 01:17:02 (17983 turns).

DildoBatman the Peltast (Formicid Conjurer)        Turns: 17983, Time: 01:17:02

Health: -6/147     AC: 27    Str: 18    XL:     14   Next: 52%
Magic:  23/26      EV:  2    Int: 19    God:    Gozag
Gold:   1203       SH:  0    Dex: 13    Spells: 2/29 levels left

rFire    + . .     SeeInvis .   a - +6 scimitar
rCold    . . .     Faith    .   K - +0 tower shield
rNeg     + + +     Spirit   .   (armour currently unavailable)
rPois    +         Reflect  .   (helmet unavailable)
rElec    .         Harm     .   (cloak currently unavailable)
rCorr    .         Rampage  .   (gloves currently unavailable)
Will     +....                  (boots currently unavailable)
Stlth    +.........             g - amulet of the acrobat
HPRegen  0.34/turn              B - ring of protection from fire
MPRegen  0.20/turn              A - +6 ring of strength

@: confused, mighty, tree-form, gold aura, acrobat
A: permanent stasis, dig shafts and tunnels, four strong arms
a: Renounce Religion, Potion Petition, Call Merchant, Bribe Branch


You were on level 13 of the Dungeon.
You worshipped Gozag.
Gozag was most pleased with you.
You were a tree.
You visited 3 branches of the dungeon, and saw 16 of its levels.
You also visited: Sewer.

You collected 3139 gold pieces.
You spent 1450 gold pieces at shops.
You paid 486 gold pieces to Gozag.

Inventory:

Hand Weapons
 a - a +6 scimitar (weapon)
 b - a +6 demon trident
 c - a +3 vorpal shortbow
 e - the +0 spear of Ygekhuus {vorpal, rC+ Will+}
   (You found it on level 4 of the Dungeon)

   It inflicts extra damage upon your enemies.
   It protects you from cold.
   It affects your willpower, your defense against some magical effects.
Missiles
 l - 113 bolts
 u - 12 javelins
 w - 313 arrows
 S - 518 stones
 X - 11 sling bullets
Armour
 h - a +0 pair of boots (melded)
 o - a +4 troll leather armour (melded) {Purgy}
 y - a +2 cloak of poison resistance (melded)
 J - a +2 pair of gloves of archery (melded)
 K - a +0 tower shield (worn)
Jewellery
 g - an amulet of the acrobat (around neck)
 A - a +6 ring of strength (right branch)
 B - a ring of protection from fire (left branch)
 O - an uncursed ring of resist corrosion
Wands
 E - a wand of disintegration (11)
 L - a wand of iceblast (24)
Scrolls
 f - 2 scrolls of fog
 r - 4 scrolls of noise {unknown}
 s - 3 scrolls of fear
 t - 8 scrolls of immolation
 x - 3 scrolls of remove curse
 z - 5 scrolls of amnesia
 C - 2 scrolls of magic mapping
 G - 2 scrolls of enchant weapon {unknown}
 Q - 2 scrolls of random uselessness {unknown}
 T - a scroll of brand weapon {unknown}
 U - a scroll of acquirement {unknown}
Potions
 d - a potion of magic {unknown}
 i - 4 potions of invisibility
 j - 2 potions of resistance {unknown}
 m - 3 potions of might
 n - 3 potions of mutation {unknown}
 p - 4 potions of curing
 q - 2 potions of flight {unknown}
 v - 3 potions of brilliance {unknown}
 D - 2 potions of lignification
 F - 7 potions of haste
 H - 2 potions of attraction {unknown}
 I - 2 potions of ambrosia
 N - a potion of cancellation {unknown}
 R - a potion of berserk rage {unknown}
Miscellaneous
 P - a phantom mirror
 V - a condenser vane


   Skills:
 - Level 5.0 Fighting
 - Level 6.6 Armour
 - Level 4.6 Dodging
 - Level 2.4 Stealth
 - Level 15.0 Shields
 - Level 8.0 Spellcasting
 - Level 6.0 Conjurations
 - Level 9.8 Necromancy
 - Level 6.0 Fire Magic
 - Level 5.0 Air Magic
 * Level 10.4 Earth Magic
 - Level 4.0 Poison Magic


You had 2 spell levels left.
You knew the following spells:

 Your Spells              Type           Power        Failure   Level
a - Searing Ray           Conj           60%          1%          2
b - Conjure Flame         Conj/Fire      30%          2%          3
c - Magic Dart            Conj           100%         1%          1
d - Vampiric Draining     Necr           22%          1%          3
e - Mephitic Cloud        Conj/Pois/Air  26%          3%          3
f - Shatter               Erth           23%          100%        9
h - Dispel Undead         Necr           44%          1%          4
z - Sublimation of Blood  Necr           22%          1%          2

Your spell library contained the following spells:

 Spells                   Type           Power        Failure   Level
 Animate Skeleton         Necr           88%          1%          1
 Pain                     Necr           100%         1%          1
 Corpse Rot               Necr/Air       N/A          1%          2
 Apportation              Tloc           14%          9%          1
 Beastly Appendage        Tmut           14%          9%          1
 Corona                   Hex            7%           9%          1
 Summon Small Mammal      Summ           28%          9%          1
 Call Imp                 Summ           7%           14%         2
 Slow                     Hex            7%           14%         2
 Wereblood                Tmut           7%           14%         2
 Animate Dead             Necr           22%          1%          4
 Static Discharge         Conj/Air       28%          2%          3
 Agony                    Necr           44%          4%          5
 Excruciating Wounds      Necr           22%          4%          5
 Dazzling Flash           Conj/Hex       38%          8%          3
 Spider Form              Tmut/Pois      7%           12%         3
 Fulminant Prism          Conj/Hex       9%           26%         4
 Iskenderun's Mystic Bla  Conj/Tloc      19%          26%         4
 Lightning Bolt           Conj/Air       14%          26%         5
 Ice Form                 Ice/Tmut       7%           65%         4
 Simulacrum               Ice/Necr       13%          88%         6
 Blade Hands              Tmut           3%           94%         5
 Haunt                    Necr/Summ      13%          100%        7
 Borgnjor's Revivificati  Necr           22%          100%        8
 Ignition                 Fire           15%          100%        8
 Infestation              Necr           22%          100%        8
 Necromutation            Tmut/Necr      13%          100%        8
 Death's Door             Necr           22%          100%        9
 Tornado                  Air            13%          100%        9
 Blink                    Tloc           Unusable     N/A         2

Dungeon Overview and Level Annotations

Branches:
Dungeon (13/15)            Temple (1/1) D:6            Lair (0/6) D:11
    Orc (2/2) D:9             Elf (0/3) Orc:2        Vaults (0/5) D:13
  Sewer (visited)

Altars:
Ashenzari
Cheibriados
Dithmenos
Elyvilon
Fedhas
Gozag
Hepliaklqana
Kikubaaqudgha
Makhleb
Nemelex Xobeh
Okawaru
Qazlal
Ru
Sif Muna
Trog
Uskayaw
Vehumet
Wu Jian
Xom
Yredelemnul
Zin
The Shining One
Beogh

Shops:
Orc:2 :[*}

Portals:
Trove: D:10 (give 12 potions of heal wounds)

Annotations:
D:8 exclusion: spectral thing


Innate Abilities, Weirdness & Mutations

You cannot be hasted, slowed, berserked, paralysed or teleported.
You can dig through walls and to a lower floor.
Your four strong arms can wield two-handed weapons with a shield.
((You have a pair of large antennae on your head. (SInv)))


Message History

The sphinx casts a spell.
You resist with significant effort.
The sphinx hits you but does no damage. x2
The sphinx hits you. The sphinx hits you!
The sphinx hits you but does no damage. x2
The sphinx casts a spell.
Something smites you!
You feel less invigorated.
The sphinx casts a spell.
Your stasis prevents you from being paralysed.
The sphinx casts a spell.
You resist with significant effort. The sphinx hits you.
The sphinx hits you but does no damage. The sphinx hits you.
The sphinx mumbles some strange words.
Something smites you!
You die...
Your body crumbles into a pile of gold.

.############'##
.##............#
....#########..#
.##.#.......#..#
.##.#.=(:$..#..#
###.#..#.#..#..#
#.#.#...#.#.##
#.#..#.#..#.####
#.#.......#.##♣##
#.#.......#.###H##
#.###''{###H# ##.#
###.....H{..l.###.##
..#####.{#####.###.##
........## ##.###.##
.<####### ##.###.#
..# ##$#.## ..# ##H##


You could see a sphinx.

Vanquished Creatures
  An ironheart preserver (D:13)
  The ghost of Ycsoezem the Destroyer, a journeyman DECj of Vehumet (D:13)
  The ghost of Bigaod the Fighter, a journeyman DsGl of Ru (Orc:1)
  Snorg (D:12)
  A hydra (D:12)
  2 boulder beetles (D:12)
  A catoblepas (D:12)
  2 centaur warriors (D:13)
  2 two-headed ogres
  Urug (D:12)
  2 unseen horrors
  The ghost of RawMediocrity the Chopper, a novice NaBe of Trog (D:6)
  Pikel (D:4)
  10 orc knights
  An orc sorcerer (Orc:1)
  3 cyclopes
  3 ugly things (D:13)
  Psyche (D:11)
  4 centaur skeletons
  The ghost of Dadi the Chopper, a novice DsBe of Trog (D:4)
  A gargoyle (D:12)
  A catoblepas zombie (D:11)
  A komodo dragon (D:13)
  8 trolls
  A hydra skeleton (D:13)
  2 hornets
  A slime creature (shapeshifter) (D:13)
  A meliai zombie (D:13)
  A shadow (D:12)
  7 redbacks (D:12)
  4 water elementals
  A wyvern (D:10)
  2 elf zombies (D:13)
  A wraith (D:11)
  Eustachio (D:2)
  21 yaks
  2 vampire mosquitoes (D:13)
  11 wargs
  2 tengu zombies
  4 water moccasins
  5 ice beasts
  48 orc warriors
  3 sky beasts
  Purgy (Sewer)
  An eye of draining (shapeshifter) (D:13)
  2 necrophages
  3 phantoms
  4 black bears
  An eye of draining (D:8)
  A wolf (D:11)
  9 ogres
  An elf skeleton (D:13)
  12 centaurs
  3 orc skeletons
  2 lemures
  4 big kobolds
  9 bullfrogs
  A gnoll sergeant (D:7)
  A yaktaur zombie (D:12)
  A cyclops zombie (D:12)
  A wyvern zombie (D:7)
  A wyvern skeleton (D:8)
  A yaktaur skeleton (D:13)
  2 water moccasin skeletons
  11 killer bees
  8 scorpions
  A troll skeleton (D:12)
  8 wights (D:12)
  5 howler monkeys
  3 electric eels (D:11)
  2 centaur zombies
  5 jellies
  2 quasits
  2 bullfrog zombies
  A crimson imp (D:9)
  16 hounds
  13 orc priests
  8 bullfrog skeletons
  Crazy Yiuf (D:5)
  4 iguanas
  19 orc wizards
  12 worker ants
  A kobold skeleton (D:13)
  An ogre zombie (D:12)
  2 ogre skeletons
  2 hound skeletons
  12 adders
  9 gnolls
  A howler monkey skeleton (D:7)
  4 shadow imps
  3 white imps
  2 ufetubi
  4 adder zombies
  An adder skeleton (D:4)
  3 dart slugs
  7 leopard geckos
  98 orcs
  11 bats
  5 giant cockroaches
  15 goblins
  10 hobgoblins
  19 jackals
  14 quokkas
  6 frilled lizards
  A hobgoblin zombie (D:12)
  A jackal zombie (D:7)
  25 kobolds
  A kobold zombie (D:13)
  A leopard gecko skeleton (D:5)
  A leopard gecko zombie (D:13)
  2 orc zombies
  A quokka skeleton (D:13)
  8 rats
622 creatures vanquished.

Vanquished Creatures (others)
  A redback (D:12)
  An orc wizard (D:9)
2 creatures vanquished.

Grand Total: 624 creatures vanquished

Notes
Turn   | Place    | Note
-------+----------+-------------------------------------------
     0 | D:1      | DildoBatman the Formicid Conjurer began the quest for the
                  | Orb.
     0 | D:1      | Reached XP level 1. HP: 13/13 MP: 3/3
   222 | D:1      | Reached XP level 2. HP: 19/19 MP: 0/5
   228 | D:1      | Learned a level 2 spell: Searing Ray
   530 | D:1      | Reached XP level 3. HP: 22/24 MP: 3/6
   901 | D:2      | Reached XP level 4. HP: 20/30 MP: 1/7
   997 | D:2      | Reached skill level 5 in Conjurations
  1274 | D:2      | Reached XP level 5. HP: 26/36 MP: 3/8
  1556 | D:3      | Reached skill level 1 in Armour
  1581 | D:3      | Reached skill level 1 in Fighting
  1762 | D:3      | Found a snail-covered altar of Cheibriados.
  2231 | D:3      | Found a shadowy altar of Dithmenos.
  2795 | D:3      | Reached XP level 6. HP: 37/44 MP: 1/10
  2927 | D:4      | Got an ebony spear
  2942 | D:3      | Identified the cursed +0 spear of Ygekhuus {vorpal, rC+
                  | Will+} (You found it on level 4 of the Dungeon)
  3127 | D:4      | Noticed a black bear
  3164 | D:4      | Killed a black bear
  3165 | D:4      | Reached XP level 7. HP: 44/50 MP: 0/13
  3182 | D:4      | Noticed Eustachio
  3340 | D:4      | Found a runed translucent gate.
  3341 | D:4      | Found a runed translucent gate.
  3342 | D:4      | Found a roughly hewn altar of Beogh.
  3342 | D:4      | Found a runed translucent gate.
  3342 | D:4      | Noticed Dadi's ghost (novice DsBe)
  3744 | D:5      | Entered Level 5 of the Dungeon
  3766 | D:5      | Noticed Pikel
  3963 | D:5      | Found a glowing drain.
  3970 | Sewer    | Entered a sewer
  4042 | Sewer    | Noticed Purgy
  4050 | Sewer    | Killed Purgy
  4051 | Sewer    | Reached skill level 2 in Shields
  4335 | D:6      | Noticed a water moccasin
  4472 | D:6      | Found a staircase to the Ecumenical Temple.
  4480 | Temple   | Entered the Ecumenical Temple
  4529 | Temple   | Became a worshipper of Kikubaaqudgha
  4561 | D:6      | Reached skill level 3 in Shields
  4561 | D:6      | Reached skill level 5 in Spellcasting
  4561 | D:6      | Reached XP level 8. HP: 56/56 MP: 3/15
  4774 | D:4      | Killed Pikel
  4775 | D:4      | Reached skill level 1 in Necromancy
  4904 | D:2      | Killed Eustachio
  4985 | D:4      | Reached * piety under Kikubaaqudgha
  4985 | D:4      | Identified Kikubaaqudgha's Guide on Necromancy
                  | (Kikubaaqudgha gifted it to you on level 4 of the Dungeon)
  4985 | D:4      | Received a gift from Kikubaaqudgha
  5001 | D:4      | Learned a level 2 spell: Sublimation of Blood
  5005 | D:4      | Learned a level 3 spell: Vampiric Draining
  5041 | D:4      | Killed Dadi's ghost
  5042 | D:4      | Reached XP level 9. HP: 65/65 MP: 0/19
  5525 | D:5      | Found a runed translucent door.
  5526 | D:5      | Noticed Crazy Yiuf
  5613 | D:5      | Reached skill level 5 in Armour
  5939 | D:5      | Killed Crazy Yiuf
  5989 | D:6      | Reached skill level 5 in Fighting
  6001 | D:6      | Found an opulent altar of Gozag.
  6063 | D:6      | Reached skill level 5 in Necromancy
  6100 | D:6      | Learned a level 3 spell: Conjure Flame
  6104 | D:6      | Learned a level 3 spell: Mephitic Cloud
  6259 | D:6      | Reached ** piety under Kikubaaqudgha
  6260 | D:6      | Reached skill level 1 in Fire Magic
  6260 | D:6      | Reached skill level 1 in Air Magic
  6260 | D:6      | Reached XP level 10. HP: 60/74 MP: 14/20
  6613 | D:6      | Found a runed translucent door.
  6664 | D:6      | Noticed RawMediocrity's ghost (novice NaBe)
  6959 | D:7      | Identified the cursed +0 buckler of Chill Winds {rF+}
  7529 | D:8      | Found an iron altar of Okawaru.
  7771 | D:8      | Reached *** piety under Kikubaaqudgha
  7771 | D:8      | Identified Kikubaaqudgha's Collected Works on Evil
                  | (Kikubaaqudgha gifted it to you on level 8 of the Dungeon)
  7771 | D:8      | Received a gift from Kikubaaqudgha
  7785 | D:8      | Learned a level 4 spell: Dispel Undead
  8003 | D:8      | Found a hazy altar of Hepliaklqana.
  8004 | D:8      | Found a shimmering altar of Xom.
  8005 | D:8      | Noticed a spectral ugly thing
  8244 | D:8      | Found a blossoming altar of Fedhas.
  8245 | D:8      | Found a sparkling altar of Nemelex Xobeh.
  8339 | D:6      | Killed RawMediocrity's ghost
  8340 | D:6      | Reached XP level 11. HP: 47/79 MP: 1/21
  8564 | D:9      | Found an ornate altar of the Wu Jian Council.
  8641 | D:9      | Reached skill level 5 in Fire Magic
  8920 | D:9      | Found a burning altar of Makhleb.
  8921 | D:9      | Found a radiant altar of Vehumet.
  8925 | D:9      | Reached **** piety under Kikubaaqudgha
  8997 | D:9      | Found a staircase to the Orcish Mines.
  9085 | D:9      | Found a broken altar of Ashenzari.
  9183 | D:10     | Entered Level 10 of the Dungeon
  9434 | D:10     | Reached skill level 5 in Air Magic
  9457 | D:10     | Noticed a two-headed ogre
  9481 | D:10     | Killed a two-headed ogre
  9659 | D:10     | Reached skill level 4 in Shields
 10065 | D:10     | Found a portal to a secret trove of treasure.
 10141 | D:10     | Noticed an unseen horror
 10147 | D:10     | Killed an unseen horror
 10148 | D:10     | Reached skill level 5 in Shields
 10181 | D:10     | Reached skill level 6 in Shields
 10590 | Orc:1    | Entered Level 1 of the Orcish Mines
 10737 | Orc:1    | Reached skill level 7 in Shields
 10756 | Orc:1    | Noticed an orc knight
 10805 | Orc:1    | Killed an orc knight
 10806 | Orc:1    | Reached skill level 8 in Shields
 10806 | Orc:1    | Reached XP level 12. HP: 42/86 MP: 7/22
 10976 | Orc:1    | Reached skill level 9 in Shields
 11237 | Orc:1    | Reached ***** piety under Kikubaaqudgha
 11299 | Orc:1    | Reached skill level 10 in Shields
 11412 | Orc:1    | Found a runed translucent door.
 11414 | Orc:1    | Noticed Bigaod's ghost (journeyman DsGl)
 11600 | Orc:1    | Killed Bigaod's ghost
 11684 | Orc:2    | Entered Level 2 of the Orcish Mines
 11764 | Orc:2    | Reached skill level 11 in Shields
 12005 | Orc:2    | Reached skill level 12 in Shields
 12138 | Orc:2    | Found a staircase to the Elven Halls.
 12380 | Orc:2    | Reached skill level 13 in Shields
 12586 | Orc:2    | Reached XP level 13. HP: 84/91 MP: 11/23
 12616 | Orc:2    | Found Okeun Fok's Book Shop.
 12616 | Orc:2    | Found Uhyom's Antique Armour Shoppe.
 12758 | Orc:2    | Found a roughly hewn altar of Beogh.
 12862 | Orc:2    | Reached skill level 14 in Shields
 12911 | Orc:2    | Found Ameuloce's Assorted Antiques.
 12911 | Orc:2    | Found Liroffua's Gadget Shoppe.
 12931 | Orc:2    | Bought a scroll labelled YMNUMEHODIEM for 18 gold pieces
 12931 | Orc:2    | Bought a fuming red potion for 16 gold pieces
 12931 | Orc:2    | Bought a fuming cyan potion for 16 gold pieces
 13166 | Orc:2    | Reached ****** piety under Kikubaaqudgha
 13175 | Orc:2    | Received a gift from Kikubaaqudgha
 13181 | Orc:1    | Fell from the grace of Kikubaaqudgha
 13266 | D:6      | Became a worshipper of Gozag Ym Sagoz the Greedy
 13641 | Orc:2    | Bought a pair of embroidered gloves for 210 gold pieces
 13646 | Orc:2    | Bought a pair of glowing gloves for 210 gold pieces
 13828 | D:11     | Reached skill level 15 in Shields
 13990 | D:11     | Found a staircase to the Lair.
 14256 | D:11     | Noticed Psyche
 14279 | D:11     | Killed Psyche
 14746 | D:12     | Noticed Snorg
 14795 | D:12     | Noticed a boulder beetle
 14898 | D:12     | Noticed an eight-headed hydra
 14903 | D:12     | Noticed a boulder beetle
 14968 | D:12     | Noticed Urug
 14989 | D:12     | Killed Urug
 15227 | D:12     | Killed an eight-headed hydra
 15228 | D:12     | Noticed a catoblepas
 15241 | D:12     | Killed a catoblepas
 15258 | D:12     | Killed Snorg
 15521 | D:12     | Killed a boulder beetle
 15627 | D:12     | Killed a boulder beetle
 16233 | Orc:2    | Bought a book of the Tempests for 980 gold pieces
 16243 | Orc:2    | Learned a level 9 spell: Shatter
 16385 | D:13     | Noticed an ironheart preserver
 16386 | D:13     | Found a gate to the Vaults.
 16410 | D:13     | Killed an ironheart preserver
 16419 | D:13     | Found a glowing golden altar of the Shining One.
 16439 | D:13     | Reached XP level 14. HP: 89/98 MP: 17/26
 16597 | D:13     | Reached skill level 5 in Earth Magic
 17096 | D:13     | Found a runed translucent gate.
 17097 | D:13     | Found a runed translucent gate.
 17097 | D:13     | Found a runed translucent gate.
 17097 | D:13     | Noticed Ycsoezem's ghost (journeyman DECj)
 17097 | D:13     | Noticed a sphinx
 17918 | D:13     | Reached skill level 10 in Earth Magic
 17941 | D:13     | Killed Ycsoezem's ghost
 17980 | D:13     | HP: 4/147 [sphinx/divine providence (11)]
 17983 | D:13     | Killed from afar by a sphinx

Illustrated notes

Levels and vault maps discovered:
D:1:      minmay_arrival_stone_box, layout_loops_ring
D:2:      layout_rooms
D:3:      layout_basic, grunt_dithmenos_smoke_and_mirrors, old_standard_altar,
          minmay_goblin_outpost
D:4:      cheibrodos_greedy_goblins, layout_cave_pools,
          biasface_ghost_orc_armoury, minmay_surrounded, uniq_eustachio
D:5:      layout_loops_corners, portal_sewer_entry_e, uniq_crazy_yiuf_cottage,
          uniq_pikel
D:6:      layout_cave_pods, grunt_gozag_statues, temple_green,
          ebering_ghost_inner_flame, grunt_ministairs_4, kennysheep_nub,
          serial_bayou_lagoon_a, minmay_checkerbox
D:7:      layout_rooms
D:8:      layout_loops_ring, regret_index_temple_of_mockery,
          amethyst_overflow_temple_binary, okawaru_ov_weapons_minmay
D:9:      layout_loops_cross, grunt_temple_overflow_lords_of_destruction,
          general_overflow_altar, nzn_wu_jian_contemplation
D:10:     layout_basic, nicolae_trove_entry_diagonal, minmay_increasing_density
D:11:     lemuel_ice_spiral_2, layout_rooms, erik_lair_island, uniq_psyche
D:12:     minmay_distorted_concentric_squares, layout_irregular_city, drop_trap,
          uniq_snorg, uniq_urug
D:13:     layout_roguey, skrybe_vaults_entry_preservation,
          gammafunk_ghost_split, basic_altar, kennysheep_cluttered_room
Temple:   eino_wide_crystal_templ
Orc:1:    layout_caves, ebering_ghost_inner_flame, statue_in_the_mist_lemuel
Orc:2:    st_orc_town, layout_caves

Skill      XL: |  1  2  3  4  5  6  7  8  9 10 11 12 13 14 |
---------------+-------------------------------------------+-----
Conjurations   | 4 5 6 |  6.0
Armour         | 1 2 4 5 6 |  6.6
Fighting       | 1 2 3 5 |  5.0
Spellcasting   | 4 5 7 8 |  8.0
Shields        | 3 8 13 15 | 15.0
Dodging        | 3 4 |  4.6
Necromancy     | 2 5 7 9 |  9.8
Fire Magic     | 1 4 6 |  6.0
Air Magic      | 1 3 5 |  5.0
Poison Magic   | 2 4 |  4.0
Earth Magic    | 3 10 | 10.4
Stealth        | |  2.4

Action                   |  1- 3 |  4- 6 |  7- 9 | 10-12 | 13-15 || total
-------------------------+-------+-------+-------+-------+-------++-------
Melee: Unarmed           |    12 |       |       |       |       ||    12
       Short sword       |    16 |    26 |       |       |       ||    42
       Spear             |       |     4 |     3 |       |       ||     7
       Scimitar          |       |       |    32 |   365 |   241 ||   638
       Mace              |       |       |     1 |       |       ||     1
       Falchion          |       |       |     1 |       |       ||     1
       Demon trident     |       |       |       |       |   404 ||   404
 Fire: Hunting sling     |       |    23 |       |       |       ||    23
 Cast: Magic Dart        |    22 |    19 |    17 |     8 |    10 ||    76
       Searing Ray       |    10 |    35 |    50 |    99 |    23 ||   217
       Sublimation of Bl |       |       |     4 |    20 |     8 ||    32
       Conjure Flame     |       |       |       |    29 |    72 ||   101
       Dispel Undead     |       |       |       |     8 |     5 ||    13
       Mephitic Cloud    |       |       |       |    35 |    38 ||    73
       Vampiric Draining |       |       |       |    10 |    14 ||    24
Invok: Receive Necronomi |       |       |       |       |     1 ||     1
       Renounce Religion |       |       |       |       |     1 ||     1
 Abil: Dig               |     4 |    11 |    22 |    46 |    29 ||   112
  Use: Scroll            |       |     4 |     5 |     6 |     1 ||    16
       Potion            |       |       |       |       |     6 ||     6
 Stab: Sleeping          |     1 |     1 |     3 |     1 |     3 ||     9
       Confused          |       |       |       |    22 |    22 ||    44
       Distracted        |       |       |       |       |     1 ||     1
Armor: Robe              |    11 |     9 |     2 |       |       ||    22
       Troll leather arm |       |       |    16 |    80 |   135 ||   231
       Skin              |       |       |       |       |     5 ||     5
Dodge: Dodged            |    24 |    58 |   112 |   276 |   229 ||   699
Block: Buckler           |       |       |     9 |    67 |       ||    76
       Tower shield      |       |       |       |   107 |   602 ||   709
       Kite shield       |       |       |       |    75 |       ||    75
       Rpst.: Scimitar   |       |       |    13 |    73 |    25 ||   111
       Falchion          |       |       |     2 |       |       ||     2
